Map: Post-Youth LE

Players

HUMAN - Winner!

  • Race: Terran Terran
  • League: Gold
  • Spawn Location: 7:00

VOD

Have the link to the VOD?

Description

MARINE TANK RAVEN

Time

  • Played on: April 16, 2024, 10:38 a.m.
  • Length: 17:01
Show
View Real Time Build Order
Export as new Build Order

HUMAN Terran - Winner!

Build Orders: Marine Tank Raven 

Get SALT Encoding   

  12  0:00  SCV  
  13  0:21  Supply Depot  
  13  0:24  SCV  
  14  0:43  SCV, Refinery  
  15  1:00  Barracks  
  15  1:05  SCV  
  16  1:24  Refinery  
  16  1:37  SCV  
  17  1:54  SCV  
  19  2:10  Supply Depot  
  19  2:12  Orbital Command  
  19  2:13  Reaper  
  19  2:35  Factory  
  19  2:49  SCV  
  20  3:02  Stimpack  
  20  3:03  Barracks Tech Lab  
  20  3:06  SCV  
  21  3:23  SCV  
  22  3:35  Unknown  
  22  3:43  Factory Reactor  
  22  3:51  Barracks  
  22  3:56  Barracks  
  22  4:04  SCV, Starport  
  23  4:17  Marine  
  24  4:20  Supply Depot  
  24  4:35  SCV  
  25  4:42  Marine  
  26  4:52  SCV  
  27  5:02  Command Center  
  27  5:07  Barracks Reactor  
  27  5:18  Starport Tech Lab  
  27  5:23  Factory Tech Lab  
  27  5:39  Marine x2  
  30  5:52  Supply Depot  
  30  5:58  Marine  
  32  6:00  Engineering Bay  
  32  6:03  Siege Tank, Engineering Bay  
  33  6:13  Marine x2  
  35  6:21  SCV  
  36  6:30  Supply Depot  
  36  6:38  SCV  
  37  6:44  Raven  
  37  6:48  Terran Infantry Weapons Level 1, Terran Infantry Armor Level 1  
  39  7:03  SCV  
  39  7:08  Orbital Command  
  40  7:16  Marine  
  40  7:18  Marine  
  40  7:19  SCV  
  42  7:26  Marine  
  42  7:28  Unknown  
  44  7:34  Supply Depot  
  44  7:36  SCV  
  45  7:41  Siege Tank  
  48  7:50  Siege Tank  
  48  7:58  Marine x3  
  48  7:59  Marine  
  52  8:01  SCV x2  
  52  8:07  Supply Depot  
  54  8:19  Marine  
  55  8:23  Marine  
  55  8:26  Siege Tank  
  59  8:40  Marine  
  59  8:41  Marine x2  
  59  8:44  Marine  
  59  8:48  SCV, Marine  
  59  8:49  SCV  
  66  9:05  Marine, SCV  
  68  9:14  Marine x3  
  68  9:16  Command Center  
  71  9:23  Siege Tank  
  73  9:39  Armory, SCV x2  
  75  9:44  Armory  
  75  9:45  Armory  
  75  9:56  SCV  
  75  9:59  SCV, Refinery x2  
  77  10:06  Marine x3  
  77  10:07  Supply Depot  
  80  10:13  SCV  
  80  10:18  Siege Tank x2  
  81  10:51  Marine  
  81  10:52  Marine x4  
  81  10:53  Hellion  
  81  10:59  Orbital Command  
  88  11:14  SCV  
  88  11:15  SCV, Supply Depot  
  88  11:16  Marine  
  88  11:17  Marine x4  
  95  11:22  Siege Tank  
  95  11:25  Orbital Command  
  98  11:31  SCV  
  98  11:32  SCV  
  98  11:33  Terran Infantry Weapons Level 2, Terran Infantry Armor Level 2  
  98  11:38  Raven  
  100  11:41  Marine  
  100  11:48  SCV  
  100  11:49  SCV  
  105  12:01  Unknown  
  105  12:05  SCV  
  105  12:06  SCV  
  105  12:07  Siege Tank, SCV  
  111  12:22  SCV  
  111  12:28  SCV x2  
  114  12:30  Marine x3  
  114  12:32  Refinery x2  
  114  12:37  Supply Depot  
  114  12:38  Marine x2  
  114  12:39  SCV  
  120  12:45  SCV  
  121  12:52  Siege Tank  
  121  12:55  Marine x2  
  126  13:02  Terran Vehicle Weapons Level 1, Terran Vehicle And Ship Armor Level 1  
  126  13:09  Supply Depot  
  126  13:12  SCV x2  
  126  13:13  SCV  
  129  13:20  Command Center  
  129  13:33  Starport  
  129  13:35  SCV, Starport  
  129  13:36  SCV x2  
  132  13:49  Siege Tank  
  135  13:51  Marine, Concussive Shells  
  136  14:00  SCV x2  
  136  14:01  SCV  
  136  14:06  Supply Depot  
  139  14:17  SCV x2  
  141  14:28  Starport Reactor  
  141  14:29  Starport Reactor  
  141  14:34  Siege Tank  
  144  14:40  Marine  
  144  14:41  Marine x4  
  149  14:52  Siege Tank x2  
  149  14:53  Siege Tank  
  149  15:05  Marine  
  149  15:06  Marine x4  
  151  15:30  Marine  
  151  15:31  Marine x4  
  156  15:45  Siege Tank x5  
  156  15:46  Siege Tank  
  156  15:55  Marine  
  156  15:56  Marine x4  
  161  16:01  Siege Tank  
  161  16:04  Orbital Command  
  164  16:20  Marine  
  164  16:21  Marine x2  
Tags
 
League
Gold
Matchup
Co-op
Add a new tag
Caveats
  • Supply blocks, unpowered buildings, or Contaminate may cause inaccurate times.
  • Supply counts are checked every 10 seconds.